cohdb
Replays
Latest Replays
All Replays
Popular Replays
Top Player Replays
Match Explorer
How It Works
Community
CoH3 Stats
Reddit
Sign in to upload your games and track your stats! →
Sign in with Steam
Match 41224923
Unlisted
Match 41224923
Overview
Messages
Build Orders
End
Construct Barracks
Riflemen Squad
Riflemen Squad
1⁄4-ton 4x4 Truck
Construct Weapon Support Center
Grenade Package
Riflemen Squad
Riflemen Squad
Infantry Support Center
Construct Medical Station
M3 Armored Personnel Carrier
M1919 Machine Gun Team
Selects Heavy Weapons
Selects Assault Carriers
Selects Exchangeable Parts
M3 Assault Carrier
Engineer Squad
Construct Tank Depot
M1919 Machine Gun Team
M4(105) Sherman Bulldozer
M18 Hellcat Tank Destroyer
Strider_perc
KevinTDW
I AM NOOB
Павел NF
0
0
Comments
sign in to comment!
No comments posted yet!